AoeStats
← nonoleboss

Arabia

506882010Analyzed
1v1 RM · 17d ago on Sep 15, 2026· 44m 58s· 2 players
Game mode
Random Map
Map size
Tiny (2 player)
Population
200
Speed
Normal
Resources
Standard
Victory
Conquest
Starting age
Dark Age
Ending age
Imperial Age
RankedLock teamsTeams togetherTeam positionsShared explorationLock speedFull tech treeHidden civsTurbo modeCheats
Victory
Defeat
🇫🇷 Georgians · France
1370
+19
🇳🇴 Portuguese · Norway
1427
-19
nonoleboss
1:21 Loom
1:55 Loom
6:23 Loom
9:19 Feudal Age
10:01 Double-Bit Axe
15:59 Town Watch
18:30 Fletching
19:52 Wheelbarrow
23:55 Castle Age
22:21 Scale Barding Armor
24:33 Bloodlines
25:00 Husbandry
25:45 Chain Barding Armor
32:13 Horse Collar
33:53 Heavy Plow
34:07 Bow Saw
34:30 Forging
34:43 Fervor
35:26 Hand Cart
37:24 Iron Casting
42:04 Imperial Age
39:37 Stone Mining
39:37 Gold Mining
43:24 Conscription
42:31 Elite Monaspa
45:53 Plate Barding Armor
[GRR] Lemmit
7:13 Loom
9:44 Feudal Age
9:45 Man-at-Arms
11:10 Town Watch
12:36 Horse Collar
14:21 Double-Bit Axe
18:10 Wheelbarrow
19:29 Fletching
23:12 Gold Mining
23:20 Stone Mining
23:56 Scale Barding Armor
24:02 Forging
25:55 Castle Age
24:34 Bloodlines
24:48 Gold Mining
25:06 Scale Mail Armor
26:58 Bow Saw
26:57 Pikeman
35:45 Ballistics
38:29 Bodkin Arrow
38:39 Murder Holes
40:32 Masonry
45:42 Imperial Age
44:52 Chain Mail Armor
Connection lost

Rejoining the realm…

Still unreachable

The connection could not be restored.

Session expired

The server has moved on; the page needs a fresh start.